 Dungeon Crawl Stone Soup version 0.31-a0-174-g85c54bcb58 (webtiles) character file.

Game seed: 7932068073262686311

13 Moral the Sneak (level 2, -3/19 HPs)
             Began as an Octopode Brigand on June 15, 2023.
             Was an Initiate of Yredelemnul.
             Slain by a gnoll
             ... wielding a +0 club
              (6 damage)
             ... on level 2 of the Dungeon.
             The game lasted 00:02:04 (583 turns).

Moral the Sneak (Octopode Brigand)                   Turns: 583, Time: 00:02:05

Health: -3/19      AC:  1    Str: 10    XL:     2   Next: 37%
Magic:  2/2        EV: 13    Int: 13    God:    Yredelemnul [......]
Gold:   71         SH:  0    Dex: 13    Spells: 1/1 levels left

rFire   . . .        a - +2 dagger
rCold   . . .        (no shield)
rNeg    . . .        (helmet restricted)
rPois   .            (no amulet)
rElec   .            g - ring of wizardry
rCorr   .            (no ring)
SInv    .            (no ring)
Will    .....        (no ring)
Stlth   ++++         (no ring)
HPRegen 0.23/turn    (no ring)
MPRegen 0.08/turn    (no ring)
                     (no ring)

%: wizardry (x1)
@: no status effects
A: almost no armour, amphibious, 8 rings, camouflage 1, gelatinous body 1,
(nimble swimmer 1), tentacles
a: Renounce Religion, Recall Undead Harvest


You were on level 2 of the Dungeon.
You worshipped Yredelemnul.
Yredelemnul was noncommittal.
You visited 1 branch of the dungeon, and saw 2 of its levels.

You collected 71 gold pieces.

Inventory:

Hand Weapons
 a - a +2 dagger (weapon)
Missiles
 b - 6 poisoned darts (quivered)
 c - 3 curare-tipped darts
Jewellery
 g - a ring of wizardry (left tentacle)
Scrolls
 d - a scroll of teleportation {unknown}
 f - a scroll of fog {unknown}
 i - a scroll of blinking {unknown}
Potions
 e - a potion of degeneration {unknown}
 h - a potion of enlightenment {unknown}


   Skills:
 + Level 2.1 Fighting
 + Level 2.1 Short Blades
 + Level 2.1 Throwing
 + Level 1.2 Dodging
 * Level 5.6 Stealth


You had one spell level left.
You didn't know any spells.
Your spell library was empty.

Dungeon Overview and Level Annotations

Branches:
Dungeon (2/15)

Altars:
Yredelemnul


Innate Abilities, Weirdness & Mutations

You cannot wear most types of armour.
You are amphibious.
You can wear up to eight rings at the same time.
Your skin changes colour to match your surroundings (Stealth+).
Your rubbery body absorbs attacks. (AC +1, EV +1)
((You are camouflaged when in or above water. (Stealth+)))
You have tentacles for arms and can constrict up to eight enemies at once.


Message History

You impale the hobgoblin!!
You kill the hobgoblin!
You now have 71 gold pieces (gained 7).
A gnoll comes into view. It is wielding a +0 halberd.
Found a throwing net.
A gnoll is nearby!
A gnoll and an endoplasm come into view.
Found a book of Geomancy.
A gnoll comes into view. It is wielding a +0 club.
Throw: 9 darts (poison)
Press: ? - help, Q - select action, (/) - cycle Shift-Dir - straight line, f - gnoll
Aim: a gnoll, wielding a +0 club (asleep, 98% to hit)
You throw a poisoned dart. The poisoned dart hits the gnoll.
The gnoll is poisoned.
Throw: 8 darts (poison)
Press: ? - help, Q - select action, (/) - cycle Shift-Dir - straight line, f - gnoll, p - gnoll
Aim: a gnoll, wielding a +0 spear (asleep, 98% to hit)
You throw a poisoned dart. The poisoned dart hits the gnoll!
The gnoll is poisoned.
The gnoll shouts!
The gnoll hits you with a +0 club!
A dart slug comes into view.
Throw: 7 darts (poison)
Press: ? - help, Q - select action, (/) - cycle Shift-Dir - straight line, f - gnoll, p - gnoll
Aim: a gnoll, wielding a +0 halberd (wandering, hasn't noticed you, 63% to hit)
You throw a poisoned dart. The poisoned dart hits the gnoll.
The gnoll shouts!
The gnoll closely misses you.
The gnoll hits you from afar with a +0 spear.
You hit the gnoll but do no damage. Your grab misses the gnoll.
The gnoll is lightly wounded.
The gnoll hits you from afar with a +0 spear.
* * * LOW HITPOINT WARNING * * *
The gnoll barely misses you. The gnoll closely misses you.
The gnoll attacks as you move away! The gnoll closely misses you.
The gnoll attacks as you move away! The gnoll barely misses you.
The gnoll looks more healthy.
The gnoll attacks as you move away! The gnoll hits you with a +0 club.
You die...
Your body rises from the dead as a mindless zombie.

##.....#.....#
#.8........###
#.:.......#
.##............#
#.#..###.##
#.####...###.>.# #..
#.# #....#.⌠.# #...#
..# #g## ##..# #...#
##### ##.
##.###.#.###...###.#
#
##g..##..##.......#
##.##......#######
#.g@.#......#
####...####.#
##......... #..####
### #..# .... ###.##


You could see 3 gnolls.

Vanquished Creatures
  A ball python (D:1)
  A bat (D:1)
  3 goblins (D:1)
  3 hobgoblins
  2 frilled lizards (D:1)
  A rat (D:1)
11 creatures vanquished.

Notes
Turn   | Place    | Note
-------+----------+-------------------------------------------
     0 | D:1      | Moral the Octopode Brigand began the quest for the Orb.
     0 | D:1      | Reached XP level 1. HP: 14/14 MP: 1/1
    41 | D:1      | Found a faded altar of an unknown god.
   155 | D:1      | Reached XP level 2. HP: 19/19 MP: 2/2
   438 | D:1      | Prayed at the altar of an unknown god.
   438 | D:1      | Became a worshipper of Yredelemnul the Dark
   438 | D:1      | Reached * piety under Yredelemnul
   583 | D:2      | Slain by a gnoll

Illustrated notes

Levels and vault maps discovered:
D:1:      dpeg_arrival_round_b, layout_rooms,
          shapermc_ecumenical_altar_mp_ritualfount, minmay_tromino_mix6
D:2:      layout_loops_ring, nicolae_elevator_lobby_asterisk

Action                     || total
---------------------------++-------
  Melee: Dagger            ||    15
         Constrict         ||     4
         Tentacles         ||     2
  Throw: Dart              ||    12
   Stab: Sleeping          ||     1
  Dodge: Dodged            ||    10

Table legend: (Time is in decaauts)
 A = Elapsed time spent in this place.
 B = Non-inter-level travel time spent in this place.
 C = Inter-level travel time spent in this place.
 D = Time resting spent in this place.
 E = Time spent auto-exploring this place.
 F = Levels seen in this place.
 G = Mean time per level.
                   A        B        C        D        E       F      G
               +--------+--------+--------+--------+--------+-----+--------+
         Total |    579 |    562 |     17 |      0 |    436 |   2 |  289.5 |
       Dungeon |    579 |    562 |     17 |      0 |    436 |   2 |  289.5 |
               +--------+--------+--------+--------+--------+-----+--------+

Top non-repeatable levels by time:
     D:1: 463 daAuts
     D:2: 115 daAuts
